SA
NIAGARA FALLS EXPOS @ ALAMEDA AIRMEN
08/23/2028
 
TOP OF THE 1ST
Niagara Falls Expos batting - Pitching for Alameda Airmen : LHP Felipe Lozano
Pitching: LHP Felipe Lozano
Batting: RHB Ramón Soto 0-0: Swinging Strike
0-1: Swinging Strike
0-2: Strikes out looking
Batting: RHB Corey Dudding 0-0: Called Strike
0-1: Fly out, F4 (Line Drive, 4)
Batting: RHB Hou Kong 0-0: Fly out, F7 (Flyball, 78M)
Top of the 1st over - 0 run(s), 0 hit(s), 0 error(s), 0 left on base; Niagara Falls 0 - Alameda 0
BOTTOM OF THE 1ST
Alameda Airmen batting - Pitching for Niagara Falls Expos : LHP Mannus Dijkman
Pitching: LHP Mannus Dijkman
Batting: LHB Rodrigo Rodríguez 0-0: Ball
1-0: Ball
2-0: Foul Ball, location: 2F
2-1: Foul Ball, location: 2F
2-2: Ball
3-2: Strikes out swinging
Batting: RHB Esteban Vázquez 0-0: Ball
1-0: Ball
2-0: Called Strike
2-1: Fly out, F7 (Flyball, 7)
Batting: RHB Guus de Weerdt 0-0: Ball
1-0: Foul Ball, location: 2F
1-1: Ball
2-1: Fly out, F5 (Line Drive, 56)
Bottom of the 1st over - 0 run(s), 0 hit(s), 0 error(s), 0 left on base; Niagara Falls 0 - Alameda 0
TOP OF THE 2ND
Niagara Falls Expos batting - Pitching for Alameda Airmen : LHP Felipe Lozano
Batting: RHB Min-tae Yi 0-0: Called Strike
0-1: Ball
1-1: Foul Ball, location: 2F
1-2: Strikes out swinging
Batting: RHB Bogumil Tiwontschik 0-0: Called Strike
0-1: Ball
1-1: Fly out, F6 (Line Drive, 6)
Batting: LHB Júlio Ibarra 0-0: Called Strike
0-1: Ball
1-1: Ball
2-1: Ball
3-1: Foul Ball, location: 2F
3-2: Foul Ball, location: 2F
3-2: Base on Balls
Batting: RHB Jaime Moya 0-0: Ground out 3-1 (Groundball, 34S)
Top of the 2nd over - 0 run(s), 0 hit(s), 0 error(s), 1 left on base; Niagara Falls 0 - Alameda 0
BOTTOM OF THE 2ND
Alameda Airmen batting - Pitching for Niagara Falls Expos : LHP Mannus Dijkman
Batting: RHB Mick Spargo 0-0: Ball
1-0: Swinging Strike
1-1: Fly out, F8 (Flyball, 8RS)
Batting: RHB Gérard Chesnutt 0-0: Called Strike
0-1: Called Strike
0-2: Strikes out swinging
Batting: SHB Charles Weber 0-0: Ball
1-0: Ground out 6-3 (Groundball, 6)
Bottom of the 2nd over - 0 run(s), 0 hit(s), 0 error(s), 0 left on base; Niagara Falls 0 - Alameda 0
TOP OF THE 3RD
Niagara Falls Expos batting - Pitching for Alameda Airmen : LHP Felipe Lozano
Batting: LHB Bartholomew Bailey 0-0: Called Strike
0-1: Ball
1-1: Foul Ball, location: 2F
1-2: Ball
2-2: Strikes out swinging
Batting: RHB Francisco Valentín 0-0: Called Strike
0-1: Ball
1-1: Ball
2-1: SINGLE (Flyball, 9LS)
Batting: RHB Ramón Soto 0-0: Called Strike
0-1: Ball
1-1: Foul Ball, location: 2F
1-2: Fly out, F3 (Popup, 3S)
Batting: RHB Corey Dudding 0-0: Ball
1-0: Called Strike
1-1: Swinging Strike
1-2: Ball
2-2: Strikes out swinging
Top of the 3rd over - 0 run(s), 1 hit(s), 0 error(s), 1 left on base; Niagara Falls 0 - Alameda 0
BOTTOM OF THE 3RD
Alameda Airmen batting - Pitching for Niagara Falls Expos : LHP Mannus Dijkman
Batting: RHB Teobaldo Pasquetto 0-0: Ball
1-0: Ball
2-0: Fly out, F9 (Flyball, 89D)
Batting: RHB Pedro Flores 0-0: Called Strike
0-1: Ball
1-1: Ball
2-1: Called Strike
2-2: Ground out 4-3 (Groundball, 4)
Batting: LHB Lukas Gleirscher 0-0: Swinging Strike
0-1: Ball
1-1: Swinging Strike
1-2: Strikes out swinging
Bottom of the 3rd over - 0 run(s), 0 hit(s), 0 error(s), 0 left on base; Niagara Falls 0 - Alameda 0
TOP OF THE 4TH
Niagara Falls Expos batting - Pitching for Alameda Airmen : LHP Felipe Lozano
Batting: RHB Hou Kong 0-0: Ball
1-0: Called Strike
1-1: Ground out 6-3 (Groundball, 6M)
Batting: RHB Min-tae Yi 0-0: Ground out 4-3 (Groundball, 4M)
Batting: RHB Bogumil Tiwontschik 0-0: Called Strike
0-1: Ball
1-1: Foul Ball, location: 2F
1-2: Foul Ball, location: 2F
1-2: Ball
2-2: Strikes out swinging
Top of the 4th over - 0 run(s), 0 hit(s), 0 error(s), 0 left on base; Niagara Falls 0 - Alameda 0
BOTTOM OF THE 4TH
Alameda Airmen batting - Pitching for Niagara Falls Expos : LHP Mannus Dijkman
Batting: LHB Rodrigo Rodríguez 0-0: Ball
1-0: Called Strike
1-1: Foul Ball, location: 2F
1-2: Ground out U3 (Groundball, 3L)
Batting: RHB Esteban Vázquez 0-0: Called Strike
0-1: Ball
1-1: Ball
2-1: Foul Ball, location: 2F
2-2: Foul Ball, location: 2F
2-2: Ball
3-2: Fly out, F4 (Line Drive, 4M)
Batting: RHB Guus de Weerdt 0-0: Ball
1-0: SINGLE (Groundball, 6S) (infield hit)
Batting: RHB Mick Spargo 0-0: Foul Ball, location: 2F
0-1: Ball
1-1: SINGLE (Groundball, 6D)
Guus de Weerdt to second
Batting: RHB Gérard Chesnutt 0-0: Swinging Strike
0-1: Foul Ball, location: 2F
0-2: Ball
1-2: Ball
2-2: Ball
3-2: SINGLE (Line Drive, 89S)
Guus de Weerdt to third
Mick Spargo to second
Guus de Weerdt scores
Mick Spargo to third
Batting: SHB Charles Weber 0-0: Called Strike
0-1: Ground out 6-3 (Groundball, 6S)
Bottom of the 4th over - 1 run(s), 3 hit(s), 0 error(s), 2 left on base; Niagara Falls 0 - Alameda 1
TOP OF THE 5TH
Niagara Falls Expos batting - Pitching for Alameda Airmen : LHP Felipe Lozano
Batting: LHB Júlio Ibarra 0-0: Called Strike
0-1: Ball
1-1: Ball
2-1: Ball
3-1: Called Strike
3-2: Strikes out swinging
Batting: RHB Jaime Moya 0-0: SINGLE (Groundball, 4MD)
Batting: LHB Bartholomew Bailey 0-0: Ball
1-0: Grounds into double play, 4-6-3 (Groundball, 4)
Top of the 5th over - 0 run(s), 1 hit(s), 0 error(s), 0 left on base; Niagara Falls 0 - Alameda 1
BOTTOM OF THE 5TH
Alameda Airmen batting - Pitching for Niagara Falls Expos : LHP Mannus Dijkman
Batting: RHB Teobaldo Pasquetto 0-0: Fly out, F9 (Line Drive, 9)
Batting: RHB Pedro Flores 0-0: Called Strike
0-1: Foul Ball, location: 2F
0-2: Foul Ball, location: 2F
0-2: Ball
1-2: Ball
2-2: DOUBLE (Line Drive, 9LM)
Batting: LHB Lukas Gleirscher 0-0: Intentional Walk
Batting: LHB Rodrigo Rodríguez 0-0: Ball
1-0: Ball
2-0: Called Strike
2-1: Ground out U3 (Groundball, 3)
Pedro Flores to third
Lukas Gleirscher to second
Batting: RHB Esteban Vázquez 0-0: Ball
1-0: Ground out 4-3 (Groundball, 4)
Bottom of the 5th over - 0 run(s), 1 hit(s), 0 error(s), 2 left on base; Niagara Falls 0 - Alameda 1
TOP OF THE 6TH
Niagara Falls Expos batting - Pitching for Alameda Airmen : LHP Felipe Lozano
Batting: RHB Francisco Valentín 0-0: Ball
1-0: Foul Ball, location: 2F
1-1: Foul Ball, location: 2F
1-2: Ball
2-2: Ball
3-2: Strikes out looking
Batting: RHB Ramón Soto 0-0: Ball
1-0: Ball
2-0: Ball
3-0: Called Strike
3-1: Foul Ball, location: 2F
3-2: Foul Ball, location: 2F
3-2: Foul Ball, location: 2F
3-2: Base on Balls
Batting: RHB Corey Dudding 0-0: Ball
1-0: Called Strike
Throwing error on steal attempt, E2
Ramón Soto to third
1-1: Ball
2-1: Called Strike
2-2: Foul Ball, location: 2F
2-2: Strikes out swinging
Batting: RHB Hou Kong 0-0: Called Strike
0-1: Foul Ball, location: 2F
0-2: Foul Ball, location: 2F
0-2: Ball
1-2: Ball
2-2: Foul Ball, location: 2F
2-2: Fly out, F6 (Popup, 56D)
Top of the 6th over - 0 run(s), 0 hit(s), 1 error(s), 1 left on base; Niagara Falls 0 - Alameda 1
BOTTOM OF THE 6TH
Alameda Airmen batting - Pitching for Niagara Falls Expos : LHP Mannus Dijkman
Batting: RHB Guus de Weerdt 0-0: Foul Ball, location: 2F
0-1: Ball
1-1: Ball
2-1: Ball
3-1: Foul Ball, location: 2F
3-2: Foul Ball, location: 2F
3-2: Fly out, F9 (Flyball, 89D)
Batting: RHB Mick Spargo 0-0: Ball
1-0: Ball
2-0: Ball
3-0: Called Strike
3-1: Swinging Strike
3-2: Foul Ball, location: 2F
3-2: Base on Balls
Batting: RHB Gérard Chesnutt 0-0: Foul Ball, location: 2F
0-1: Ball
1-1: Ball
2-1: Swinging Strike
2-2: Ball
3-2: Strikes out swinging
Batting: SHB Charles Weber 0-0: Ball
1-0: Ball
2-0: Ball
3-0: Called Strike
3-1: Base on Balls
Mick Spargo to second
Batting: RHB Teobaldo Pasquetto 0-0: Ball
1-0: Called Strike
1-1: Called Strike
1-2: Ball
2-2: Foul Ball, location: 2F
2-2: Ball
3-2: Fly out, F9 (Flyball, 9S)
Bottom of the 6th over - 0 run(s), 0 hit(s), 0 error(s), 2 left on base; Niagara Falls 0 - Alameda 1
TOP OF THE 7TH
Niagara Falls Expos batting - Pitching for Alameda Airmen : LHP Felipe Lozano
Batting: RHB Min-tae Yi 0-0: Ground out U3 (Groundball, 3)
Batting: RHB Bogumil Tiwontschik 0-0: Ground out 6-3 (Groundball, 56)
Batting: LHB Júlio Ibarra 0-0: Ball
1-0: Swinging Strike
1-1: Fly out, F7 (Flyball, 7)
Top of the 7th over - 0 run(s), 0 hit(s), 0 error(s), 0 left on base; Niagara Falls 0 - Alameda 1
BOTTOM OF THE 7TH
Alameda Airmen batting - Pitching for Niagara Falls Expos : LHP Mannus Dijkman
Batting: RHB Pedro Flores 0-0: Ball
1-0: Ball
2-0: Ball
3-0: Called Strike
3-1: Ground out 4-3 (Groundball, 4M)
Batting: LHB Lukas Gleirscher 0-0: Called Strike
0-1: Ball
1-1: Foul Ball, location: 2F
1-2: Fly out, F2 (Popup, 4S)
Batting: LHB Rodrigo Rodríguez 0-0: Swinging Strike
0-1: Foul Ball, location: 2F
0-2: Ball
1-2: Ground out 4-3 (Groundball, 4S)
Bottom of the 7th over - 0 run(s), 0 hit(s), 0 error(s), 0 left on base; Niagara Falls 0 - Alameda 1
TOP OF THE 8TH
Niagara Falls Expos batting - Pitching for Alameda Airmen : LHP Felipe Lozano
Pitching: LHP Augusto Vélez
Batting: RHB Jaime Moya 0-0: Called Strike
0-1: Swinging Strike
0-2: Strikes out swinging
Batting: LHB Bartholomew Bailey 0-0: Ball
1-0: Called Strike
1-1: Foul Ball, location: 2F
1-2: Foul Ball, location: 2F
1-2: Foul Ball, location: 2F
1-2: Ball
2-2: Strikes out swinging
Pitching: RHP Miguel Matos
Batting: RHB Francisco Valentín 0-0: Called Strike
0-1: Swinging Strike
0-2: Strikes out swinging
Top of the 8th over - 0 run(s), 0 hit(s), 0 error(s), 0 left on base; Niagara Falls 0 - Alameda 1
BOTTOM OF THE 8TH
Alameda Airmen batting - Pitching for Niagara Falls Expos : LHP Mannus Dijkman
Pitching: RHP Dao-zi Zhai
Batting: RHB Esteban Vázquez 0-0: Called Strike
0-1: Ball
1-1: Ball
2-1: Swinging Strike
2-2: Strikes out swinging
Batting: RHB Guus de Weerdt 0-0: Ball
1-0: Ball
2-0: Called Strike
2-1: SINGLE (Line Drive, 9S)
Batting: RHB Mick Spargo 0-0: Ball
1-0: Ball
2-0: Fly out, F9 (Line Drive, 89S)
Batting: RHB Gérard Chesnutt 0-0: Ball
1-0: Ball
2-0: Fly out, F8 (Flyball, 8RD)
Bottom of the 8th over - 0 run(s), 1 hit(s), 0 error(s), 1 left on base; Niagara Falls 0 - Alameda 1
TOP OF THE 9TH
Niagara Falls Expos batting - Pitching for Alameda Airmen : RHP Miguel Matos
Pitching: RHP Marvin Cahill
Pinch Hitting: LHB Kalino Darri 0-0: Ball
1-0: Ball
2-0: Ground out 4-3 (Groundball, 4)
Batting: RHB Corey Dudding 0-0: Called Strike
0-1: Foul Ball, location: 2F
0-2: Ball
1-2: Ball
2-2: Foul Ball, location: 2F
2-2: Strikes out swinging
Batting: RHB Hou Kong 0-0: Called Strike
0-1: Ball
1-1: Foul Ball, location: 2F
1-2: Foul Ball, location: 2F
1-2: Foul Ball, location: 2F
1-2: Ball
2-2: SINGLE (Groundball, 56D)
Pinch Hitting: RHB Gabe Cain 0-0: Ball
1-0: Ball
2-0: Foul Ball, location: 2F
2-1: Called Strike
2-2: Ball
3-2: Foul Ball, location: 2F
3-2: Foul Ball, location: 2F
3-2: Strikes out swinging
Top of the 9th over - 0 run(s), 1 hit(s), 0 error(s), 1 left on base; Niagara Falls 0 - Alameda 1
Monday, August 28th, 2017 - OOTP Baseball 17.12 Build 75